 Dungeon Crawl Stone Soup version 0.29-a0-617-g7a6b98fccd (webtiles) character file.

Game seed: 11965619777181809163

85 DocClef the Skirmisher (level 4, -1/48 HPs)
             Began as a Gargoyle Fighter on June 17, 2022.
             Slain by an orc
             ... wielding a +0 morningstar
              (4 damage)
             ... on level 3 of the Dungeon.
             The game lasted 00:01:30 (2216 turns).

DocClef the Skirmisher (Gargoyle Fighter)           Turns: 2216, Time: 00:01:31

Health: -1/48      AC: 22    Str: 22    XL:     4   Next: 48%
Magic:  4/4        EV:  2    Int:  8    God:
Gold:   119        SH:  4    Dex:  9    Spells: 3/3 levels left

rFire   . . .      SeeInvis .   a - +0 flail
rCold   . . .      Faith    .   c - +0 buckler
rNeg    + . .      Spirit   .   (body armour currently unavailable)
rPois   ∞          Reflect  .   (helmet currently unavailable)
rElec   .          Harm     .   (cloak currently unavailable)
rCorr   .          Rampage  .   (gloves currently unavailable)
Will    .....      Rage     1%  (boots currently unavailable)
Stlth   +......... NoTele   +   (no amulet)
HPRegen 0.16/turn               (no ring)
MPRegen 0.09/turn               (no ring)

@: tree-form, hasted, very quick
A: stationary, stasis, torment immunity, boosted hp, sickness immunity, AC +3,
negative energy resistance 1, (electricity resistance), torment resistance 1,
petrification resistance, (antennae 1), berserk 1, screaming 1
a: no special abilities


You were on level 3 of the Dungeon.
You were a tree.
You visited 1 branch of the dungeon, and saw 3 of its levels.

You collected 119 gold pieces.

Inventory:

Hand Weapons
 a - a +0 flail (weapon)
Armour
 b - a +0 scale mail (melded)
 c - a +0 buckler (worn)
 f - a +0 pair of gloves (melded)
Jewellery
 j - a ring of ice
Scrolls
 e - a scroll of blinking {unknown}
 i - 3 scrolls of poison {unknown}
 n - a scroll of enchant weapon {unknown}
Potions
 d - 3 potions of might
 l - a potion of degeneration {unknown}
 m - 2 potions of ambrosia {unknown}


   Skills:
 + Level 5.6 Fighting
 - Level 2.0 Maces & Flails
 - Level 3.2 Armour
 - Level 3.2 Shields


You had 3 spell levels left.
You didn't know any spells.
Your spell library was empty.

Dungeon Overview and Level Annotations

Branches:
Dungeon (3/15)

Altars:


Innate Abilities, Weirdness & Mutations

You are a tree.
Your roots penetrate the ground, keeping you stationary.
You cannot be teleported.
You are immune to unholy pain and torment.
Your maximum health is greatly increased.
Your equipment is partially melded.
You are immune to sickness and miasma.
((Your stone body is resilient. (AC +3)))
You are immune to poison.
You resist negative energy. (rN+)
((You are resistant to electric shocks. (rElec)))
You are resistant to unholy torment.
You are immune to petrification.
((You have a pair of small antennae on your head.))
You tend to lose your temper in combat.
You occasionally shout uncontrollably at your foes.


Message History

You kill the orc!
The orc hits you but does no damage. x2
You closely miss the orc. The orc barely misses you.
The orc hits you with a +0 morningstar.
You hit the orc but do no damage. The orc hits you with a +0 morningstar.
The orc hits you but does no damage. The rat barely misses you.
You block the orc's attack. The orc hits you with a +0 morningstar.
You are too injured to fight recklessly!
You are too injured to fight recklessly!
You are too injured to fight recklessly!
You are too injured to fight recklessly!
You are too injured to fight recklessly!
You are too injured to fight recklessly!
You are too injured to fight recklessly!
You are too injured to fight recklessly!
You are too injured to fight recklessly!
You are too injured to fight recklessly!
You are too injured to fight recklessly!
You are too injured to fight recklessly!
You are too injured to fight recklessly!
You are too injured to fight recklessly!
Unknown command.
You barely miss the orc. You block the orc's attack. The orc barely misses you.
The rat completely misses you. The orc attacks as you move away!
The orc hits you with a +0 morningstar!
* * * LOW HITPOINT WARNING * * *
The orc attacks as you move away! The orc barely misses you.
It was a potion of haste.
You feel yourself speed up. The orc closely misses you.
It was a potion of mutation.
You feel extremely strange.
You feel a little pissed off. A pair of antennae grows on your head!
You feel the urge to shout.
It was a potion of lignification.
You turn into a tree.
Your +0 pair of gloves melds into your body.
Your +0 scale mail melds into your body.
Your roots penetrate the ground.
The orc hits you but does no damage.
You completely miss the orc. The orc hits you but does no damage.
You barely miss the orc. The orc hits you with a +0 morningstar.
You die...

##.P♣♣♣♣.♣.# #......
#..♣♣PP♣..# #..)..#
####.P......#.......
#..................##+##
#....##.#.#.#.##........
#....##.......##).......
#######...#.####........
#.###r###.........
#..♣oo............
#########.........
#..#+##### #..# ....
..... ...... #.#.##


You could see 2 orcs and a rat.

Vanquished Creatures
  Jessica (D:2)
  2 adders (D:2)
  A worm (D:2)
  2 orcs (D:3)
  4 endoplasms
  5 giant cockroaches
  A hobgoblin (D:1)
  2 jackals (D:1)
  5 kobolds
  2 quokkas (D:1)
  A ball python (D:1)
  A bat (D:2)
  2 frilled lizards
  4 goblins
  A rat (D:2)
34 creatures vanquished.

Notes
Turn   | Place    | Note
-------+----------+-------------------------------------------
     0 | D:1      | DocClef the Gargoyle Fighter began the quest for the Orb.
     0 | D:1      | Reached XP level 1. HP: 14/14 MP: 1/1
   417 | D:1      | Reached XP level 2. HP: 20/20 MP: 2/2
   420 | D:1      | Reached skill level 4 in Fighting
   680 | D:1      | Found a faded altar of an unknown god.
  1304 | D:2      | Reached XP level 3. HP: 24/24 MP: 3/3
  1446 | D:2      | Noticed Jessica
  1450 | D:2      | Killed Jessica
  1451 | D:2      | Reached skill level 5 in Fighting
  1451 | D:2      | Reached XP level 4. HP: 31/31 MP: 4/4
  2204 | D:3      | HP: 1/32 [orc/+0 morningstar (10)]
  2210 | D:3      | Gained mutation: You tend to lose your temper in combat.
                  | [potion of mutation]
  2210 | D:3      | Gained mutation: You have a pair of small antennae on your
                  | head. [potion of mutation]
  2210 | D:3      | Gained mutation: You occasionally shout uncontrollably at
                  | your foes. [potion of mutation]
  2216 | D:3      | Slain by an orc

Illustrated notes

Levels and vault maps discovered:
D:1:      minmay_arrival_diagonal_passages, layout_basic,
          ebering_ecumenical_altar_ruins, minivault_26, minmay_misc_feat_alley
D:2:      layout_basic, uniq_jessica
D:3:      layout_basic, mainiacjoe_overflow_large_starburst, serial_forest,
          infiniplex_forest_clump_small, infiniplex_forest_join,
          infiniplex_forest_fountain, infiniplex_forest_end_3,
          infiniplex_forest_clump_medium, infiniplex_forest_clump_curved,
          infiniplex_forest_corner_2

Skill      XL: |  1  2  3 |
---------------+----------+-----
Fighting       | 4 5 |  5.6
Maces & Flails | |  2.0
Armour         | |  3.2
Shields        | |  3.2

Action                   |  1- 3 |  4- 6 || total
-------------------------+-------+-------++-------
Melee: Flail             |    79 |    46 ||   125
  Use: Potion            |       |     3 ||     3
Armor: Scale mail        |    53 |    17 ||    70
       Skin              |       |     2 ||     2
Dodge: Dodged            |    46 |    26 ||    72
Block: Buckler           |    14 |     7 ||    21

Table legend: (Time is in decaauts)
 A = Elapsed time spent in this place.
 B = Non-inter-level travel time spent in this place.
 C = Inter-level travel time spent in this place.
 D = Time resting spent in this place.
 E = Time spent auto-exploring this place.
 F = Levels seen in this place.
 G = Mean time per level.
                   A        B        C        D        E       F      G
               +--------+--------+--------+--------+--------+-----+--------+
         Total |   2254 |   2175 |     79 |      0 |   1871 |   3 |  751.3 |
       Dungeon |   2254 |   2175 |     79 |      0 |   1871 |   3 |  751.3 |
               +--------+--------+--------+--------+--------+-----+--------+

Top non-repeatable levels by time:
     D:1: 1247 daAuts
     D:2: 868 daAuts
     D:3: 138 daAuts
